Map: 에버 드림 - 래더

Players

Neeb

  • Race: Protoss Protoss
  • League: Master
  • Spawn Location: 1:00

DRG - Winner!

  • Race: Zerg Zerg
  • Spawn Location: 7:00

Event: War Chest Team League

VOD

Have the link to the VOD?

Description

Time

  • Played on: Aug. 14, 2020, 8:03 a.m.
  • Length: 15:54
Show
View Real Time Build Order
Export as new Build Order

Neeb Protoss 

Build Orders: 1 Gate Expand, Archon Immortal, Mass Adepts 

Get SALT Encoding   

  12  0:00  Probe  
  13  0:12  Probe  
  14  0:18  Pylon  
  14  0:24  Probe (Chrono Boost)  
  15  0:36  Probe (Chrono Boost)  
  15  0:39  Gateway  
  16  0:45  Probe (Chrono Boost)  
  16  0:49  Assimilator  
  17  0:51  Probe  
  18  1:03  Probe  
  19  1:20  Probe  
  19  1:25  Nexus  
  20  1:34  Cybernetics Core  
  20  1:37  Probe  
  21  1:45  Assimilator  
  21  1:49  Probe  
  21  1:51  Pylon  
  22  2:01  Probe (Chrono Boost)  
  22  2:07  Adept (Chrono Boost)  
  23  2:11  Warp Gate, Probe (Chrono Boost)  
  26  2:16  Probe (Chrono Boost)  
  27  2:26  Twilight Council  
  27  2:27  Probe  
  28  2:31  Stalker (Chrono Boost)  
  28  2:37  Probe  
  31  2:40  Probe  
  32  2:49  Probe  
  33  2:52  Robotics Facility, Probe  
  34  3:01  Probe  
  34  3:04  Probe  
  34  3:05  Gateway  
  36  3:08  Adept  
  38  3:13  Probe  
  38  3:16  Probe  
  40  3:25  Resonating Glaives (Chrono Boost), Probe  
  41  3:30  Gateway, Probe  
  41  3:31  Gateway  
  42  3:36  Warp Prism (Chrono Boost)  
  42  3:45  Probe  
  42  3:46  Pylon, Probe  
  44  3:57  Probe  
  44  3:58  Probe  
  46  4:02  Pylon  
  46  4:04  Adept x2, Assimilator  
  46  4:09  Probe  
  51  4:10  Probe  
  51  4:11  Observer  
  53  4:20  Pylon  
  53  4:23  Probe  
  54  4:24  Adept x3  
  54  4:25  Adept  
  54  4:29  Pylon  
  62  4:32  Assimilator  
  66  4:46  Adept x4  
  66  4:50  Probe x2  
  66  4:51  Pylon  
  72  4:57  Immortal (Chrono Boost)  
  76  5:11  Stalker x2  
  76  5:12  Stalker, Pylon  
  82  5:17  Probe x2  
  70  5:34  Immortal (Chrono Boost)  
  58  5:38  Sentry, Adept x3  
  69  5:55  Nexus  
  69  5:57  Pylon  
  69  6:03  Immortal (Chrono Boost)  
  73  6:06  Sentry x2  
  77  6:14  Probe x2  
  77  6:16  Forge  
  79  6:18  Sentry  
  81  6:25  Sentry  
  81  6:26  Probe x2  
  81  6:30  Shield Battery  
  81  6:32  Immortal (Chrono Boost)  
  85  6:38  Charge  
  85  6:39  Probe x2  
  91  6:41  Protoss Ground Weapons Level 1  
  91  6:51  Probe  
  92  6:55  Gateway  
  92  6:56  Gateway  
  92  7:01  Gateway  
  92  7:03  Gateway  
  92  7:04  Immortal (Chrono Boost)  
  92  7:07  Probe  
  97  7:10  Probe  
  97  7:11  Probe  
  99  7:19  Probe  
  100  7:23  Probe x2  
  100  7:24  Pylon  
  102  7:31  Probe, Zealot  
  102  7:32  Zealot x2  
  102  7:33  Templar Archives  
  110  7:37  Probe x2  
  111  7:45  Immortal  
  111  7:48  Probe  
  111  7:50  Probe  
  117  7:52  Assimilator x2, Probe  
  117  7:56  Pylon  
  118  8:03  Zealot x3  
  124  8:06  Pylon  
  124  8:07  Pylon  
  124  8:08  Pylon x2  
  124  8:16  Zealot  
  124  8:17  Zealot  
  126  8:23  Probe  
  126  8:25  Zealot x3  
  126  8:26  Zealot x3  
  123  8:29  Probe  
  123  8:31  Immortal  
  110  8:41  Probe  
  110  8:42  High Templar x2  
  110  8:47  High Templar x2, Zealot x4  
  128  8:48  Observer  
  128  8:50  Photon Cannon  
  128  8:52  Archon  
  128  8:53  Photon Cannon, Archon  
  127  8:58  Protoss Ground Weapons Level 2 (Chrono Boost)  
  127  9:14  Zealot x4  
  127  9:15  Zealot  
  137  9:17  Immortal  
  137  9:22  Blink (Chrono Boost)  
  139  9:32  Stalker x3  
  135  9:47  Stalker  
  135  9:48  Stalker x4  
  135  9:50  Photon Cannon  
  137  9:56  Warp Prism  
  138  10:06  Stalker x3  
  134  10:16  Stalker x4  
  134  10:32  Pylon  
  134  10:37  High Templar x3  
  134  10:39  High Templar  
  142  10:42  Cybernetics Core  
  142  10:43  Archon  
  142  10:44  Pylon  
  142  10:46  Archon  
  142  10:51  Stalker x3  
  140  11:02  Immortal  
  140  11:05  Psionic Storm  
  140  11:06  Probe x3  
  143  11:16  High Templar x2  
  143  11:17  Zealot x3  
  143  11:18  High Templar  
  155  11:19  Zealot  
  155  11:22  Protoss Ground Weapons Level 3 (Chrono Boost)  
  157  11:27  Photon Cannon  
  157  11:28  Shield Battery  
  157  11:36  Gateway  
  157  11:37  Photon Cannon  
  157  11:43  High Templar, Zealot x2  
  157  11:44  Zealot  
  165  12:04  Pylon  
  165  12:07  Pylon  
  165  12:08  Pylon, Shield Battery  
  165  12:11  Pylon  
  165  12:13  Pylon  
  165  12:17  Pylon  
  165  12:21  High Templar x2  
  165  12:25  Stargate  
  165  12:26  Stargate  
  165  12:27  Stalker x2  
  165  12:29  Zealot x3  
  175  12:30  Zealot  
  177  12:38  Photon Cannon  
  177  12:39  Shield Battery  
  177  12:50  High Templar x2  
  181  12:55  Archon  
  176  13:09  Phoenix x2 (Chrono Boost)  
  180  13:18  Photon Cannon  
  176  13:22  Photon Cannon  
  176  13:24  Photon Cannon  
  176  13:25  Phoenix (Chrono Boost), High Templar x2  
  176  13:26  Nexus  
  176  13:27  Photon Cannon, Phoenix (Chrono Boost)  
  180  13:29  Photon Cannon  
  181  13:48  Photon Cannon  
  181  13:50  Phoenix (Chrono Boost)  
  181  13:53  Phoenix (Chrono Boost)  
  173  14:04  High Templar x2  
  177  14:10  Archon  
  177  14:11  Archon  
  177  14:18  Stalker  
  177  14:19  Stalker x4  
  187  14:28  Nexus  
  187  14:31  Pylon  
  187  14:34  Pylon  
  187  14:36  Fleet Beacon  
  187  14:46  Stalker x2  
  187  14:59  Stalker x2  
  187  15:04  Probe x2  
  189  15:14  High Templar x2, Zealot  
  189  15:15  Zealot  
  189  15:20  Archon  
  177  15:36  High Templar x4, Zealot  
  177  15:37  Zealot  
  189  15:44  Archon  
  189  15:45  Archon  
Show
View Real Time Build Order
Export as new Build Order

DRG Zerg - Winner!

Build Orders: Hatch First 

Get SALT Encoding   

  12  0:00  Drone  
  13  0:12  Overlord  
  13  0:17  Drone  
  14  0:30  Drone x2  
  16  0:44  Drone  
  17  0:52  Hatchery  
  17  0:54  Drone  
  17  0:57  Drone  
  18  1:08  Extractor  
  17  1:12  Spawning Pool  
  17  1:15  Drone  
  17  1:19  Drone  
  18  1:28  Drone  
  19  1:38  Drone  
  20  1:49  Drone  
  21  2:00  Zergling x2  
  22  2:03  Queen  
  22  2:04  Queen, Overlord  
  26  2:11  Drone  
  26  2:12  Metabolic Boost  
  26  2:15  Drone  
  28  2:23  Drone  
  28  2:26  Drone  
  30  2:33  Hatchery  
  30  2:36  Zergling x2  
  30  2:38  Zergling x2  
  30  2:42  Drone  
  32  2:49  Queen  
  34  2:52  Overlord  
  34  2:56  Drone  
  35  2:59  Drone  
  35  3:04  Overlord  
  36  3:12  Drone x4  
  40  3:20  Drone x2  
  40  3:25  Queen  
  44  3:32  Overlord  
  44  3:33  Drone  
  45  3:40  Drone  
  45  3:42  Drone  
  45  3:45  Drone x4  
  45  3:46  Queen  
  52  3:51  Overlord  
  52  3:53  Drone  
  53  3:56  Roach Warren  
  53  3:59  Extractor  
  53  4:01  Drone x2  
  53  4:06  Zergling x6  
  53  4:09  Overlord  
  56  4:14  Zergling x4  
  56  4:17  Zergling x6  
  61  4:20  Zergling x6  
  64  4:33  Overlord  
  66  4:38  Roach x7  
  66  4:43  Roach  
  80  4:46  Overlord  
  80  4:52  Roach x3  
  86  4:56  Zergling x6  
  89  5:01  Overlord x2  
  89  5:09  Overlord  
  89  5:10  Spore Crawler  
  89  5:11  Spore Crawler  
  89  5:12  Spore Crawler  
  86  5:19  Overlord  
  86  5:25  Drone  
  86  5:26  Drone x6  
  87  5:33  Lair  
  82  5:36  Drone x2  
  82  5:38  Drone x4  
  82  5:40  Drone  
  82  5:42  Drone x2  
  91  5:46  Extractor x2, Drone  
  90  5:51  Zergling x8  
  90  5:55  Drone  
  95  6:01  Overlord  
  95  6:03  Drone  
  95  6:04  Drone  
  97  6:06  Drone  
  97  6:07  Drone x2  
  100  6:11  Drone x2  
  100  6:15  Extractor x2, Drone x2  
  100  6:16  Drone x2  
  104  6:19  Roach x3  
  104  6:24  Overlord x2  
  110  6:30  Overlord  
  110  6:34  Glial Reconstitution  
  110  6:36  Overseer  
  109  6:43  Evolution Chamber  
  109  6:46  Roach x2  
  109  6:47  Roach x6  
  122  6:51  Overseer  
  122  6:54  Overlord  
  122  7:01  Overlord x2  
  122  7:04  Roach x2  
  122  7:05  Hatchery  
  125  7:11  Zerg Missile Weapons Level 1  
  125  7:21  Roach x2  
  127  7:27  Zergling x26  
  140  7:36  Spire  
  138  7:38  Overlord x2  
  138  7:41  Drone  
  131  7:53  Zergling x14  
  138  8:00  Ravager x4  
  138  8:01  Zergling x12, Ravager x8  
  138  8:05  Unknown  
  155  8:13  Zergling x14  
  135  8:30  Zergling x20  
  135  8:31  Overseer  
  122  8:46  Drone x3  
  122  8:47  Drone x2  
  122  8:48  Overlord  
  127  8:59  Mutalisk x5  
  127  9:00  Mutalisk x5  
  146  9:06  Drone x2  
  146  9:07  Drone  
  149  9:14  Mutalisk x4  
  157  9:17  Roach x2  
  157  9:22  Mutalisk  
  156  9:33  Roach x8  
  170  9:39  Roach x3  
  170  9:43  Zerg Missile Weapons Level 2  
  173  9:47  Queen  
  173  9:49  Roach x2  
  178  9:53  Ravager x2  
  178  9:57  Zergling x6  
  178  9:58  Overlord x2  
  182  10:05  Roach x4  
  186  10:08  Overlord  
  177  10:25  Roach x10  
  195  10:30  Baneling Nest  
  195  10:32  Pneumatized Carapace  
  194  10:36  Drone x3  
  194  10:37  Drone  
  198  10:43  Zergling x4  
  170  11:08  Mutalisk x11  
  192  11:14  Zergling x16  
  200  11:18  Centrifical Hooks  
  200  11:31  Baneling x3  
  200  11:34  Overseer  
  200  11:37  Baneling x3  
  200  11:38  Baneling x11  
  200  11:40  Hatchery  
  200  11:43  Zergling x2  
  200  11:48  Baneling x3  
  200  11:59  Zerg Melee Weapons Level 1  
  198  12:20  Overlord  
  196  12:25  Baneling x2  
  196  12:28  Drone x2  
  196  12:29  Drone x2, Infestation Pit  
  199  12:45  Overseer  
  199  12:52  Spine Crawler  
  199  12:53  Spine Crawler x2  
  199  12:54  Drone, Spine Crawler  
  199  12:55  Drone x4  
  199  13:07  Hive  
  197  13:20  Zergling x4  
  199  13:46  Hatchery  
  199  13:47  Hatchery  
  199  13:48  Extractor, Spine Crawler x2  
  196  13:49  Spine Crawler  
  196  13:50  Extractor, Spine Crawler x2, Baneling  
  196  13:51  Baneling x3, Spine Crawler  
  188  13:56  Zergling x2  
  188  13:57  Ravager  
  188  13:58  Ravager x7  
  197  14:08  Spore Crawler  
  197  14:10  Drone x5, Spore Crawler  
  197  14:11  Hydralisk Den, Spore Crawler x2  
  197  14:14  Evolution Chamber, Drone  
  197  14:15  Spore Crawler  
  197  14:16  Overlord  
  196  14:17  Drone x2  
  196  14:20  Overlord  
  196  14:21  Adrenal Glands, Greater Spire  
  197  14:28  Drone  
  176  14:57  Zergling x66  
  176  14:58  Zergling x4  
  197  15:02  Roach x5  
  196  15:11  Zergling x10  
  199  15:17  Baneling x11  
  199  15:18  Baneling x26  
  199  15:23  Baneling x5  
  199  15:24  Baneling x24  
  197  15:32  Zergling x18  
Tags
 
Add a new tag
Caveats
  • Supply blocks, unpowered buildings, or Contaminate may cause inaccurate times.
  • Supply counts are checked every 10 seconds.